 Dungeon Crawl Stone Soup version 0.30.0-30-g96aa6591b8 (webtiles) character file.

Game seed: 13601108995986574359

2058 cdecastro the Carver (level 9, 0/65 HPs)
             Began as a Gnoll Wanderer on June 27, 2023.
             Slain by a shadow (29 damage)
             ... on level 6 of the Dungeon.
             The game lasted 00:18:36 (6154 turns).

cdecastro the Carver (Gnoll Wanderer)               Turns: 6154, Time: 00:18:37

Health: 0/65       AC:  9    Str: 11    XL:     9   Next: 25%
Magic:  15/15      EV: 18    Int: 12    God:
Gold:   279        SH:  6    Dex: 16    Spells: 16/16 levels left

rFire   . . .        a - +0 long sword
rCold   . . .        c - +0 buckler
rNeg    + + .        K - +3 leather armour
rPois   +            p - +0 helmet
rElec   .            (no cloak)
rCorr   .            (no gloves)
SInv    .            F - +0 pair of boots of the Furies {Rampage rPois rN++ Will- Regen+}
Will    .....        (no amulet)
Stlth   +++          t - +5 ring of evasion
HPRegen 1.10/turn    e - ring of willpower
MPRegen 0.14/turn

%: rampage
@: no status effects
A: fangs 1, strong nose, distributed training
a: no special abilities


You were on level 6 of the Dungeon.
You visited 1 branch of the dungeon, and saw 6 of its levels.
You also visited: Sewer.

You collected 279 gold pieces.

Inventory:

Hand Weapons
 a - a +0 long sword (weapon)
 b - the +5 dagger "Jellybane" {heavy, rElec}
   (You found it on level 5 of the Dungeon)

   rElec:     It insulates you from electricity.
 J - a +4 short sword
Missiles
 m - 2 javelins
 u - 2 boomerangs (quivered)
 I - 18 poisoned darts
Armour
 c - a +0 buckler (worn)
 l - a +0 leather armour of cold resistance
 p - a +0 helmet (worn)
 s - a +0 pair of boots
 F - the +0 pair of boots of the Furies (worn) {Rampage rPois rN++ Will- Regen+}
   (You found it on level 4 of the Dungeon)

   rPois:     It protects you from poison.
   rN:        It greatly protects you from negative energy.
   Regen:     It increases your rate of health regeneration.
   Rampage:   It bestows one free step when moving towards enemies.
   Will:      It decreases your willpower.
 K - a +3 leather armour (worn)
 L - +0 steam dragon scales
Jewellery
 e - a ring of willpower (right hand)
 n - a ring of poison resistance
 t - a +5 ring of evasion (left hand)
Wands
 x - a wand of iceblast (5)
 B - a wand of charming (10)
Scrolls
 d - a scroll of blinking
 h - 3 scrolls of enchant armour {unknown}
 j - a scroll of fog {unknown}
 y - a scroll of amnesia {unknown}
 A - 2 scrolls of identify
 C - 4 scrolls of teleportation
 D - 2 scrolls of noise {unknown}
 E - a scroll of immolation {unknown}
 G - a scroll of vulnerability {unknown}
 H - a scroll of magic mapping {unknown}
 M - a scroll of butterflies {unknown}
Potions
 f - 2 potions of might
 g - 7 potions of curing
 i - 4 potions of attraction
 k - 2 potions of mutation
 o - a potion of lignification
 q - 2 potions of cancellation
 r - 3 potions of ambrosia
 v - a potion of haste
 w - a potion of heal wounds
 z - a potion of flight


   Skills:
 + Level 4.2 Fighting
 + Level 4.2 Short Blades
 + Level 11.2 Long Blades
 + Level 4.2 Axes
 + Level 4.2 Maces & Flails
 + Level 4.2 Polearms
 + Level 4.2 Staves
 + Level 4.2 Ranged Weapons
 + Level 4.2 Throwing
 + Level 5.0 Armour
 + Level 4.2 Dodging
 + Level 4.2 Stealth
 + Level 6.3 Shields
 + Level 6.3 Unarmed Combat
 + Level 4.2 Spellcasting
 + Level 3.4 Conjurations
 + Level 3.4 Hexes
 + Level 3.4 Summonings
 + Level 3.4 Necromancy
 + Level 3.4 Translocations
 + Level 3.4 Transmutations
 + Level 3.4 Fire Magic
 + Level 3.4 Ice Magic
 + Level 3.4 Air Magic
 + Level 3.4 Earth Magic
 + Level 3.4 Poison Magic
 + Level 4.6 Invocations
 + Level 4.2 Evocations


You had 16 spell levels left.
You didn't know any spells.
Your spell library contained the following spells:

 Spells                   Type           Power      Damage    Failure   Level
 Magic Dart               Conj           40%        1d5       9%          1
 Call Imp                 Summ           20%        N/A       14%         2
 Lesser Beckoning         Tloc           20%        N/A       14%         2
 Dazzling Flash           Conj/Hex       20%        N/A       26%         3
 Gell's Gravitas          Tloc           10%        N/A       26%         3
 Inner Flame              Hex/Fire       10%        N/A       26%         3
 Mephitic Cloud           Conj/Pois/Air  10%        N/A       26%         3
 Teleport Other           Tloc           10%        N/A       26%         3
 Volatile Blastmotes      Fire/Tloc      20%        2d11      26%         3
 Flame Wave               Conj/Fire      10%        2d6       65%         4
 Iskenderun's Mystic Bla  Conj/Tloc      10%        2d4       65%         4
 Sticky Flame             Conj/Fire      10%        2d3       65%         4
 Starburst                Conj/Fire      5%         6d4       100%        6


Dungeon Overview and Level Annotations

Branches:
Dungeon (6/15)              Sewer (visited)
 Temple: D:4-7

Altars:
Ru
The Shining One

Shops:
D:1 [

Annotations:
D:3 Grinder, Sigmund
D:4 Dowan, Duvessa


Innate Abilities, Weirdness & Mutations

You have very sharp teeth.
Your uncanny sense of smell can sniff out nearby items.
Your experience applies equally to all skills.


Message History

You completely miss the shadow.
The shadow is severely damaged.
The shadow barely misses you.
You hit the shadow but do no damage. You bite the shadow, but do no damage.
The shadow is severely damaged.
The shadow hits you.
You hit the shadow. You bite the shadow, but do no damage.
The shadow is severely damaged.
You block the shadow's attack.
You hit the shadow.
The shadow is almost destroyed.
The shadow barely misses you.
You barely miss the shadow.
The shadow is almost destroyed.
The shadow slips into darkness.
The shadow flickers and vanishes!
Deactivating autopickup; reactivate with Ctrl-A.
You miss something.
The shadow strikes at you from the darkness!
You closely miss something.
The shadow strikes at you from the darkness!
* * * LOW HITPOINT WARNING * * *
Reactivating autopickup.
You closely miss the shadow.
The shadow is almost destroyed.
The shadow misses you.
You barely miss the shadow.
The shadow is almost destroyed.
You hit the shadow.
The shadow is almost destroyed.
The shadow hits you.
* * * LOW HITPOINT WARNING * * *
You closely miss the shadow.
The shadow is almost destroyed.
The shadow slips into darkness.
The shadow flickers and vanishes!
Deactivating autopickup; reactivate with Ctrl-A.
You miss something.
The shadow strikes at you from the darkness!
You die...

............<..# #......
...............# #......
...............# #......
##...##.......## ##..... ####
#........## ##....# ######'.#..#
#.....# . #..........# #...... ..
#..#.#.#.#.# #..####
...#..{@......####.....#
.....#.#.#.#.#...#......
........................
.....#.#.#.#.#.#........#
........................#
....#.#.#.#.#.#.#........ ..
................###....#
..##########.#.#.#.#.#.#..#####+#
............#...................#


There were no monsters in sight!

Vanquished Creatures
  Eustachio (D:5)
  A steam dragon (D:6)
  A water moccasin (D:5)
  An ice beast (D:4)
  2 sky beasts
  A black bear (D:4)
  2 ogres
  A centaur (D:5)
  A phantom (D:5)
  A kobold brigand (D:5)
  A scorpion (D:4)
  4 killer bees (D:6)
  2 hounds
  5 jellies
  2 orc priests
  A sleepcap (D:5)
  Jessica (D:2)
  Ijyb (D:3)
  3 iguanas
  An orc wizard (D:5)
  A river rat (Sewer)
  12 adders
  A shadow imp (D:5)
  3 ufetubi
  3 worms
  3 dart slugs
  16 orcs
  7 bats
  6 endoplasms
  3 giant cockroaches
  A goblin (D:3)
  5 hobgoblins
  11 kobolds
  6 quokkas
  10 ball pythons
  5 frilled lizards
  2 rats (D:2)
128 creatures vanquished.

Notes
Turn   | Place    | Note
-------+----------+-------------------------------------------
     0 | D:1      | Reached skill level 10 in Long Blades
     0 | D:1      | cdecastro the Gnoll Wanderer began the quest for the Orb.
     0 | D:1      | cdecastro set off with the following items: a +0 long
                  | sword, a scroll of teleportation, a +0 buckler, a scroll of
                  | blinking, a +0 leather armour.
     0 | D:1      | Reached XP level 1. HP: 13/13 MP: 1/1
   261 | D:1      | Reached XP level 2. HP: 13/19 MP: 2/2
   567 | D:1      | Found Juhoac's Antique Armour Shop.
   895 | D:1      | Reached XP level 3. HP: 24/25 MP: 3/3
  1076 | D:2      | Reached skill level 1 in Invocations
  1167 | D:2      | Reached skill level 1 in Fighting
  1167 | D:2      | Reached skill level 1 in Short Blades
  1167 | D:2      | Reached skill level 1 in Axes
  1167 | D:2      | Reached skill level 1 in Maces & Flails
  1167 | D:2      | Reached skill level 1 in Polearms
  1167 | D:2      | Reached skill level 1 in Staves
  1167 | D:2      | Reached skill level 1 in Ranged Weapons
  1167 | D:2      | Reached skill level 1 in Throwing
  1167 | D:2      | Reached skill level 1 in Dodging
  1167 | D:2      | Reached skill level 1 in Stealth
  1167 | D:2      | Reached skill level 1 in Spellcasting
  1167 | D:2      | Reached skill level 1 in Evocations
  1371 | D:2      | Reached XP level 4. HP: 32/32 MP: 5/5
  1440 | D:2      | Noticed Jessica
  1450 | D:2      | Killed Jessica
  1451 | D:2      | Reached skill level 1 in Conjurations
  1451 | D:2      | Reached skill level 1 in Hexes
  1451 | D:2      | Reached skill level 1 in Summonings
  1451 | D:2      | Reached skill level 1 in Necromancy
  1451 | D:2      | Reached skill level 1 in Translocations
  1451 | D:2      | Reached skill level 1 in Transmutations
  1451 | D:2      | Reached skill level 1 in Fire Magic
  1451 | D:2      | Reached skill level 1 in Ice Magic
  1451 | D:2      | Reached skill level 1 in Air Magic
  1451 | D:2      | Reached skill level 1 in Earth Magic
  1451 | D:2      | Reached skill level 1 in Poison Magic
  1909 | D:3      | Noticed Sigmund
  2210 | D:3      | Found a glowing drain.
  2215 | Sewer    | Entered a sewer
  2254 | Sewer    | Reached XP level 5. HP: 37/37 MP: 7/7
  2666 | D:3      | Noticed Grinder
  2667 | D:3      | Noticed Ijyb
  2744 | D:3      | Killed Ijyb
  2897 | D:4      | Reached XP level 6. HP: 41/44 MP: 8/8
  3090 | D:4      | Noticed Duvessa
  3090 | D:4      | Noticed Dowan
  3156 | D:4      | Reached skill level 5 in Shields
  3156 | D:4      | Reached skill level 5 in Unarmed Combat
  3376 | D:4      | Found a sacrificial altar of Ru.
  3444 | D:4      | Identified the +0 pair of boots of the Furies {Rampage
                  | rPois rN++ Will- Regen+}
  3568 | D:4      | Noticed an ice beast
  3593 | D:4      | Killed an ice beast
  3709 | D:4      | Noticed a black bear
  3715 | D:4      | Noticed a sky beast
  3733 | D:4      | Killed a black bear
  3734 | D:4      | Reached XP level 7. HP: 31/50 MP: 10/10
  4138 | D:5      | Entered Level 5 of the Dungeon
  4398 | D:5      | Reached XP level 8. HP: 58/58 MP: 12/12
  4877 | D:5      | Identified the +5 dagger "Jellybane" {heavy, rElec}
  4913 | D:5      | Reached skill level 11 in Long Blades
  5169 | D:6      | Noticed a shadow
  5327 | D:6      | Noticed Eustachio
  5344 | D:5      | Killed Eustachio
  5649 | D:6      | Reached XP level 9. HP: 65/65 MP: 14/14
  5795 | D:6      | Found a glowing golden altar of the Shining One.
  5990 | D:6      | Reached skill level 5 in Armour
  6154 | D:6      | Slain by a shadow

Illustrated notes

Levels and vault maps discovered:
D:1:      erik_arrival_blinker_ship, layout_basic, serial_shops, shop,
          nicolae_hexahallways
D:2:      layout_rooms, grunt_ministairs_6, uniq_jessica
D:3:      layout_basic, serial_shops, shop, portal_sewer_entry_e, uniq_sigmund,
          uniq_grinder, uniq_ijyb
D:4:      layout_loops_corners, nicolae_ru_path_of_blood, bh_walls_and_bars,
          uniq_duvessa
D:5:      layout_basic, minmay_chambers_of_fives
D:6:      layout_gridville, nicolae_tso_carved_into_rock, hex_medium,
          grunt_decor_junction, uniq_eustachio

Skill      XL: |  1  2  3  4  5  6  7  8  9 |
---------------+----------------------------+-----
Long Blades    | 11 | 11.2
Invocations    | 1 2 3 4 |  4.6
Fighting       | 1 2 3 4 |  4.2
Short Blades   | 1 2 3 4 |  4.2
Axes           | 1 2 3 4 |  4.2
Maces & Flails | 1 2 3 4 |  4.2
Polearms       | 1 2 3 4 |  4.2
Staves         | 1 2 3 4 |  4.2
Ranged Weapons | 1 2 3 4 |  4.2
Throwing       | 1 2 3 4 |  4.2
Dodging        | 1 2 3 4 |  4.2
Stealth        | 1 2 3 4 |  4.2
Spellcasting   | 1 2 3 4 |  4.2
Evocations     | 1 2 3 4 |  4.2
Conjurations   | 1 2 3 |  3.4
Hexes          | 1 2 3 |  3.4
Summonings     | 1 2 3 |  3.4
Necromancy     | 1 2 3 |  3.4
Translocations | 1 2 3 |  3.4
Transmutations | 1 2 3 |  3.4
Fire Magic     | 1 2 3 |  3.4
Ice Magic      | 1 2 3 |  3.4
Air Magic      | 1 2 3 |  3.4
Earth Magic    | 1 2 3 |  3.4
Poison Magic   | 1 2 3 |  3.4
Armour         | 3 4 5 |  5.0
Shields        | 5 6 |  6.3
Unarmed Combat | 5 6 |  6.3

Action                     |  1- 3 |  4- 6 |  7- 9 || total
---------------------------+-------+-------+-------++-------
  Melee: Long sword        |    76 |   186 |   294 ||   556
         Bite              |     6 |    19 |    42 ||    67
  Throw: Boomerang         |       |       |     5 ||     5
  Evoke: Wand              |       |     1 |       ||     1
    Use: Scroll            |       |     9 |     3 ||    12
         Potion            |       |     1 |     1 ||     2
   Stab: Sleeping          |     1 |       |     5 ||     6
 Armour: Leather armour    |     9 |    38 |    39 ||    86
         Skin              |       |     4 |    51 ||    55
  Dodge: Dodged            |    29 |   110 |   157 ||   296
  Block: Buckler           |    15 |    52 |    73 ||   140
